 Dungeon Crawl Stone Soup version 0.21.1-1-g345015f (webtiles) character file.

166 Fang the Chopper (level 5, -6/33 HPs)
             Began as a Gargoyle Berserker on May 18, 2018.
             Was a Believer of Trog.
             Mangled by an iguana (8 damage)
             ... on level 4 of the Dungeon.
             The game lasted 00:03:02 (2966 turns).

Fang the Chopper (Gargoyle Berserker)               Turns: 2966, Time: 00:03:02

Health: -6/33      AC:  8    Str: 21    XL:     5   Next: 47%
Magic:  5/5        EV: 12    Int:  8    God:    Trog [**....]
Gold:   148        SH:  0    Dex:  9    Spells: 4/4 levels left

rFire    . . .     SeeInvis .   a - +0 hand axe
rCold    . . .     Gourm    .   (no shield)
rNeg     + . .     Faith    .   b - +0 animal skin
rPois    ∞         Spirit   .   (no helmet)
rElec    +         Reflect  .   (no cloak)
rCorr    .         Harm     .   (no gloves)
MR       .....                  (no boots)
Stlth    +.........             (no amulet)
HPRegen  0.11/turn              l - +2 ring of protection
MPRegen  0.09/turn              p - ring of poison resistance

@: berserk cooldown, slowed, very slow
A: negative energy resistance 1, electricity resistance, unbreathing,
petrification resistance, rot immunity, AC +4
a: Berserk, Trog's Hand, Burn Spellbooks, Renounce Religion


You were on level 4 of the Dungeon.
You worshipped Trog.
Trog was pleased with you.
You were very hungry.

You visited 1 branch of the dungeon, and saw 4 of its levels.

You collected 148 gold pieces.

Inventory:

Hand Weapons
 a - a +0 hand axe (weapon)
Armour
 b - a +0 animal skin (worn)
Jewellery
 l - a +2 ring of protection (left hand)
 p - a ring of poison resistance (right hand)
Scrolls
 d - a scroll of amnesia {unknown}
 e - 3 scrolls of identify {unknown}
 f - a scroll of enchant armour {unknown}
 o - a scroll of remove curse {unknown}
Potions
 g - 2 potions of curing {unknown}
 h - a potion of cancellation {unknown}
 i - a potion of invisibility {unknown}
 j - a potion of berserk rage {unknown}
 k - a potion of agility {unknown}
 m - a potion of brilliance {unknown}
Comestibles
 c - 7 rations


   Skills:
 + Level 4.1 Fighting
 + Level 4.1 Axes
 + Level 2.5 Armour
 + Level 2.6 Dodging
 + Level 1.0 Stealth


You had 4 spell levels left.
You didn't know any spells.

Dungeon Overview and Level Annotations

Branches:
Dungeon (4/15)
 Temple: D:4-7

Altars:


Innate Abilities, Weirdness & Mutations

You are resistant to torment.
Your stone body is resilient. (AC +4)
You are immune to poison.
You resist negative energy. (rN+)
You are resistant to electric shocks. (rElec)
You can survive without breathing.
You are immune to petrification.
You are immune to rotting.


Message History

Something tries to affect you, but you resist.
You barely miss something.
You hear some strange, mumbled words.
Something tries to affect you, but you resist.
Something barely misses you.
You slash something! Trog accepts your kill.
Trog appreciates your killing of a magic user.
Reactivating autopickup.
Your Stealth skill increases to level 1!
You feel a bit more experienced. The iguana bites you!
You hit the iguana.
The iguana is moderately wounded.
The iguana completely misses you.
You hit the iguana.
The iguana is heavily wounded.
The iguana bites you!
* * * LOW HITPOINT WARNING * * *
The iguana bites you!
You die...

#.... #.<...#
#.....###...#.(...
#.....#.....# ###
#.>#########
#...........
###......####
#........#
#.#.....#######.###
#..#.....?.)@l......
#. #...%.######..###
........?# #
..#.....# ..#.....#
######. .


You could see an iguana.

Vanquished Creatures
  An orc wizard (D:4)
  Robin (D:3)
  5 adders
  2 worms (D:2)
  A dart slug (D:1)
  3 leopard geckos
  12 orcs
  2 giant cockroaches
  11 goblins
  7 hobgoblins
  3 quokkas
  5 bats
  A frilled lizard (D:1)
  6 kobolds
  2 rats
62 creatures vanquished.

Notes
Turn   | Place    | Note
-------+----------+-------------------------------------------
     0 | D:1      | Fang the Gargoyle Berserker began the quest for the Orb.
     0 | D:1      | Reached XP level 1. HP: 14/14 MP: 1/1
   275 | D:1      | Reached XP level 2. HP: 12/19 MP: 2/2
  1164 | D:2      | Reached XP level 3. HP: 20/24 MP: 3/3
  2097 | D:3      | Reached XP level 4. HP: 29/29 MP: 4/4
  2404 | D:3      | Reached ** piety under Trog
  2451 | D:3      | Noticed Robin
  2470 | D:3      | Killed Robin
  2546 | D:3      | Reached XP level 5. HP: 26/33 MP: 5/5
  2964 | D:4      | Reached skill level 1 in Stealth
  2966 | D:4      | Mangled by an iguana

Skill      XL: |  1  2  3  4  5 |
---------------+----------------+-----
Axes           | 3 4 |  4.1
Dodging        | 2 |  2.6
Fighting       | 4 |  4.1
Stealth        | 1 |  1.0
Armour         | |  2.5

Action                   |  1- 3 |  4- 6 || total
-------------------------+-------+-------++-------
Melee: Hand axe          |   116 |   139 ||   255
Invok: Berserk           |     1 |     2 ||     3
  Eat: Chunk             |     3 |     5 ||     8
Armor: Animal skin       |    50 |    44 ||    94
Dodge: Dodged            |   104 |    63 ||   167
